[Event "ONJK-B 2019"]
[Site "Borne"]
[Date "2019.08.06"]
[Round "2.12"]
[White "Pol, Florian"]
[Black "Mainka, Irmin"]
[Result "1/2-1/2"]
[ECO "A25"]
[WhiteElo "1334"]
[BlackElo "1611"]
[Annotator "NA"]
[PlyCount "151"]
[EventDate "2019.08.05"]
[EventType "swiss"]
[EventCountry "NED"]
[SourceTitle "playchess.com"]
[Source "ChessBase"]
[SourceQuality "1"]
[TimeControl "5400+30"]

1. c4 e5 2. Nc3 Nf6 3. g3 Nc6 4. Bg2 d6 5. d3 Be7 6. Nf3 Bd7 7. O-O Rb8 8. a4 O-O 9. Bd2 h6 10. b3 Ng4 11. h3 Nf6 12. Kh2 Nh7 13. Qc1 f5 14. Ng1 Nd4 15. e3 Nxb3 16. Qd1 Nxa1 17. Qxa1 c6 18. Qa2 Be6 19. Qb1 Nf6 20. Nge2 Bf7 21. Rc1 d5 22. cxd5 Nxd5 23. Rc2 Nb4 24. Rb2 Nxd3 25. Rxb7 Rxb7 26. Qxb7 e4 27. Qxc6 Nxf2 28. Nd4 Bf6 29. Qc5 Bxd4 30. exd4 Qd7 31. Be3 Nd3 32. Qa5 Ne1 33. d5 Nxg2 34. Kxg2 Ra8 35. Kf2 a6 36. Bf4 Qa7+ 37. Be3 Qb8 38. Qb6 Qxb6 39. Bxb6 Rc8 40. Bd4 Rxc3 41. Bxc3 Bxd5 42. a5 Kf7 43. Ke3 g5 44. Be1 Ke6 45. h4 Bc6 46. Bc3 Kf7 47. Be1 Kg6 48. Bf2 Kh5 49. Be1 Kg4 50. hxg5 hxg5 51. Kf2 f4 52. gxf4 Kxf4 53. Bd2+ Kg4 54. Be3 Kh4 55. Kg2 g4 56. Bf2+ Kg5 57. Kg3 Kf5 58. Be3 Bb5 59. Bd2 Be2 60. Be3 Bf3 61. Bd4 Ke6 62. Kf4 Kd5 63. Be3 Kc4 64. Bb6 Kb4 65. Bc7 Kc3 66. Bb6 Kd3 67. Be3 Ke2 68. Bb6 Kf1 69. Kg3 Ke1 70. Kf4 Ke2 71. Ba7 e3 72. Bxe3 g3 73. Bb6 g2 74. Kg3 Kf1 75. Kh2 Bc6 76. Bg1 1/2-1/2

[Event "ONJK-B 2019"]
[Site "Borne"]
[Date "2019.08.06"]
[Round "2.14"]
[White "Tiggelman, Laura"]
[Black "Li-Behn, Tobias"]
[Result "1-0"]
[ECO "C54"]
[WhiteElo "1436"]
[BlackElo "1264"]
[Annotator "NA"]
[PlyCount "151"]
[EventDate "2019.08.05"]
[EventType "swiss"]
[EventCountry "NED"]
[SourceTitle "playchess.com"]
[Source "ChessBase"]
[SourceQuality "1"]
[TimeControl "5400+30"]

1. e4 e5 2. Nf3 Nc6 3. Bc4 Bc5 4. c3 Nf6 5. d4 exd4 6. e5 d5 7. Bb5 Ne4 8. cxd4 Bb4+ 9. Bd2 Nxd2 10. Nbxd2 Bd7 11. Bd3 O-O 12. O-O Re8 13. Qc2 h6 14. Nb3 a6 15. Rac1 Bg4 16. Be2 Qd7 17. a3 Be7 18. Nc5 Qc8 19. Nxa6 Bxf3 20. Bxf3 Rxa6 21. Bxd5 Nxd4 22. Qe4 Nc6 23. e6 f6 24. Bc4 Ra4 25. b3 Rxc4 26. Qxc4 Bxa3 27. Rce1 Bd6 28. f4 Kh7 29. f5 Ne5 30. Qh4 b5 31. Kh1 b4 32. Qh5 Rf8 33. Rd1 Qb7 34. Rfe1 Qb5 35. Re3 c5 36. h3 Be7 37. Rg3 Rg8 38. Kh2 c4 39. bxc4 Qxc4 40. Rb1 Bd6 41. Kh1 Qe4 42. Rd1 Be7 43. Kh2 Qc2 44. Rf1 b3 45. Qd1 Rc8 46. Re3 b2 47. Qb1 Nd3 48. Ref3 Qxb1 49. Rxb1 Rc1 50. Rf1 Bd6+ 51. Kg1 Bc5+ 52. Kh2 Ba3 53. Kg3 Kg8 54. Kf3 Ne5+ 55. Ke2 Rc2+ 56. Ke3 Rxg2 57. Kd4 Rd2+ 58. Kc3 Rd3+ 59. Kc2 Rxh3 60. Rfd1 Rh2+ 61. Kc3 Rg2 62. Rd8+ Kh7 63. Ra8 Rg3+ 64. Kc2 Nc4 65. Ra7 Ne3+ 66. Kd2 Nxf5 67. Re1 h5 68. Rh1 h4 69. Rc7 Bd6 70. Rb7 Be5 71. Rxh4+ Kg6 72. Rh1 Nd6 73. e7 Rg2+ 74. Ke3 Kf7 75. Rh8 Rg1 76. e8=Q# 1-0

[Event "ONJK-B 2019"]
[Site "Borne"]
[Date "2019.08.06"]
[Round "2.15"]
[White "Warnaar, Mark"]
[Black "Olree, Alex"]
[Result "0-1"]
[ECO "B08"]
[WhiteElo "1175"]
[BlackElo "1411"]
[Annotator "NA"]
[PlyCount "60"]
[EventDate "2019.08.05"]
[EventType "swiss"]
[EventCountry "NED"]
[SourceTitle "playchess.com"]
[Source "ChessBase"]
[SourceQuality "1"]
[TimeControl "5400+30"]

1. e4 g6 2. d4 Bg7 3. Nf3 d6 4. Nc3 Nf6 5. Bc4 O-O 6. O-O Nxe4 7. Bxf7+ Rxf7 8. Nxe4 h6 9. Be3 Bg4 10. Qd2 Bxf3 11. gxf3 Qf8 12. f4 Nd7 13. Kh1 Rd8 14. Rg1 Kh7 15. Rae1 e5 16. dxe5 dxe5 17. fxe5 Nxe5 18. Qe2 Nf3 19. Bc5 Nxg1 20. Rxg1 Qe8 21. Qg4 Qc6 22. Rg2 Rf5 23. Be3 Bxb2 24. Qh4 Rd1+ 25. Rg1 Rxg1+ 26. Kxg1 Bg7 27. Ng5+ Kg8 28. Ne4 Qd7 29. Bxh6 Rh5 30. Bxg7 Qd1+ 0-1

[Event "ONJK-B 2019"]
[Site "Borne"]
[Date "2019.08.06"]
[Round "2.16"]
[White "Berghuis, Rowin"]
[Black "Visser, Barto"]
[Result "1-0"]
[ECO "B30"]
[WhiteElo "1081"]
[BlackElo "1389"]
[Annotator "NA"]
[PlyCount "45"]
[EventDate "2019.08.05"]
[EventType "swiss"]
[EventCountry "NED"]
[SourceTitle "playchess.com"]
[Source "ChessBase"]
[SourceQuality "1"]
[TimeControl "5400+30"]

1. e4 c5 2. Bc4 e6 3. Nf3 Nc6 4. O-O Nf6 5. d3 Be7 6. Nc3 d5 7. exd5 exd5 8. Bb5 Bd7 9. Bg5 O-O 10. Bxf6 Bxf6 11. Nxd5 Bxb2 12. Rb1 Bf6 13. Nd2 Be5 14. Ne4 b6 15. Re1 Qh4 16. g3 Qd8 17. c4 Bd4 18. Nd2 a6 19. Bxc6 Bxc6 20. Ne7+ Kh8 21. Nxc6 Bxf2+ 22. Kxf2 Qf6+ 23. Qf3 1-0

[Event "ONJK-B 2019"]
[Site "Borne"]
[Date "2019.08.06"]
[Round "3.1"]
[White "Maters, Arthur"]
[Black "Molanus, Lennart"]
[Result "1/2-1/2"]
[ECO "A00"]
[WhiteElo "2042"]
[BlackElo "1619"]
[Annotator "NA"]
[PlyCount "93"]
[EventDate "2019.08.05"]
[EventType "swiss"]
[EventCountry "NED"]
[SourceTitle "playchess.com"]
[Source "ChessBase"]
[SourceQuality "1"]
[TimeControl "5400+30"]

1. b4 e6 2. a3 Nf6 3. Nf3 c5 4. bxc5 Bxc5 5. d4 Be7 6. Bf4 Nc6 7. e3 b6 8. Bd3 Bb7 9. O-O O-O 10. Nbd2 Nd5 11. Bg3 Nc3 12. Qe1 Rc8 13. Nb3 Bf6 14. e4 Na5 15. Bd6 Nxb3 16. cxb3 Be7 17. Bxe7 Qxe7 18. Rc1 Na2 19. Rxc8 Rxc8 20. Qa1 Qxa3 21. Bb1 Rc1 22. g3 Rxf1+ 23. Kxf1 Qc1+ 24. Kg2 Ba6 25. Nd2 Nb4 26. Nc4 Bxc4 27. bxc4 g6 28. d5 exd5 29. cxd5 g5 30. h3 d6 31. e5 Nc2 32. Qa2 Ne1+ 33. Kf1 Nf3+ 34. Ke2 Nxe5 35. Bd3 Nxd3 36. Kxd3 Qf1+ 37. Ke3 Qe1+ 38. Kd3 Qa5 39. Qc4 Qa3+ 40. Ke2 Qc5 41. Qe4 Qb5+ 42. Kf3 Qb3+ 43. Kg4 h6 44. Kh5 Kg7 45. Qd4+ Kh7 46. Qe4+ Kg7 47. Qd4+ 1/2-1/2

[Event "ONJK-B 2019"]
[Site "Borne"]
[Date "2019.08.06"]
[Round "3.2"]
[White "Hubers, Daan"]
[Black "Mainka, Alwin"]
[Result "1/2-1/2"]
[ECO "A00"]
[WhiteElo "1512"]
[BlackElo "1989"]
[Annotator "NA"]
[PlyCount "154"]
[EventDate "2019.08.05"]
[EventType "swiss"]
[EventCountry "NED"]
[SourceTitle "playchess.com"]
[Source "ChessBase"]
[SourceQuality "1"]
[TimeControl "5400+30"]

1. b4 e6 2. Bb2 Nf6 3. a3 c5 4. b5 d5 5. e3 Bd6 6. Nf3 Nbd7 7. c4 O-O 8. d4 cxd4 9. exd4 dxc4 10. Bxc4 Nb6 11. Bd3 Nbd5 12. O-O b6 13. Nbd2 Bb7 14. Nc4 Nf4 15. Bc2 Rc8 16. Bb3 Bb8 17. Re1 N6d5 18. Nce5 Qe7 19. a4 Rfd8 20. Rc1 Bxe5 21. Nxe5 Rxc1 22. Qxc1 f6 23. Ba3 Qe8 24. Bxd5 Nxd5 25. Nf3 Rc8 26. Qb2 Nf4 27. Qb3 Bd5 28. Qe3 Nxg2 29. Kxg2 Qg6+ 30. Kh3 e5 31. Rg1 Qf5+ 32. Kg3 Bxf3 33. Qxf3 Qg5+ 34. Qg4 Rc3+ 35. f3 Qxg4+ 36. Kxg4 Rxa3 37. Rc1 Rxa4 38. Kf5 Rxd4 39. Rc8+ Kf7 40. Rc7+ Kf8 41. Ke6 Rd8 42. Rf7+ Kg8 43. Rxa7 Re8+ 44. Kd7 Kf8 45. Kc6 Re6+ 46. Kd5 Re7 47. Ra6 f5 48. Rxb6 e4 49. fxe4 fxe4 50. Rc6 e3 51. Rc1 e2 52. Re1 Ke8 53. Kd6 Kd8 54. b6 Rd7+ 55. Ke6 Rb7 56. Kd5 Rxb6 57. Rxe2 Kd7 58. Ra2 Rb5+ 59. Kc4 Rg5 60. Kd4 Ke6 61. Ke4 Rg4+ 62. Kf3 h5 63. Ra6+ Kf5 64. Ra5+ Kg6 65. Ra6+ Kg5 66. Re6 Ra4 67. Kg3 Ra3+ 68. Kg2 h4 69. Rb6 Kh5 70. Rb2 g5 71. h3 Re3 72. Rf2 Kg6 73. Kh2 Re4 74. Kg2 Rf4 75. Ra2 Rf6 76. Re2 Kf5 77. Ra2 Ke5 1/2-1/2

[Event "ONJK-B 2019"]
[Site "Borne"]
[Date "2019.08.06"]
[Round "3.3"]
[White "Van Weerden, Jur"]
[Black "Ekker, Laurens"]
[Result "1-0"]
[ECO "C45"]
[WhiteElo "1676"]
[BlackElo "1614"]
[Annotator "NA"]
[PlyCount "131"]
[EventDate "2019.08.05"]
[EventType "swiss"]
[EventCountry "NED"]
[SourceTitle "playchess.com"]
[Source "ChessBase"]
[SourceQuality "1"]
[TimeControl "5400+30"]

1. e4 e5 2. Nf3 Nc6 3. d4 exd4 4. Nxd4 Bc5 5. Nxc6 bxc6 6. Nc3 d6 7. g3 Nf6 8. Bg2 O-O 9. O-O Bg4 10. Qd3 Qd7 11. Bg5 Qe6 12. Be3 Bxe3 13. Qxe3 Bh3 14. Qf3 Rfe8 15. Rfe1 Re7 16. Re3 h6 17. Qe2 Bxg2 18. Kxg2 Ng4 19. Rd3 Ne5 20. Rd4 Nd7 21. Re1 Qe5 22. Rc4 c5 23. f4 Qe6 24. Nd5 Nb6 25. Nxe7+ Qxe7 26. Rc3 Re8 27. Re3 Qe6 28. b3 Qd7 29. c4 Qc6 30. Qf3 Qd7 31. Rd1 c6 32. Red3 Rd8 33. f5 f6 34. Qf4 Nc8 35. e5 d5 36. e6 Qb7 37. Qf3 Ne7 38. Qh5 Rf8 39. Qf3 Rd8 40. Qf2 Qb4 41. Qf4 Qb7 42. a3 a5 43. g4 d4 44. Rb1 Kh8 45. Qd2 Qa8 46. Kg1 Rb8 47. b4 Qa6 48. b5 cxb5 49. cxb5 Qb6 50. Qf2 Nc6 51. Rdd1 Ne5 52. Qg2 Kg8 53. Qd5 Nxg4 54. e7+ Kh7 55. Qf7 Ne5 56. e8=Q Nxf7 57. Qxf7 c4 58. Qxc4 d3+ 59. Kf1 Qe3 60. Qxd3 Qf4+ 61. Kg2 Qg4+ 62. Qg3 Qe2+ 63. Kg1 Qc4 64. Qxb8 Qc5+ 65. Kh1 Qxa3 66. Qg3 1-0

[Event "ONJK-B 2019"]
[Site "Borne"]
[Date "2019.08.06"]
[Round "3.4"]
[White "Albertus, Bram"]
[Black "Hooijmans, Max"]
[Result "1-0"]
[ECO "A22"]
[WhiteElo "1841"]
[BlackElo "1559"]
[Annotator "NA"]
[PlyCount "59"]
[EventDate "2019.08.05"]
[EventType "swiss"]
[EventCountry "NED"]
[SourceTitle "playchess.com"]
[Source "ChessBase"]
[SourceQuality "1"]
[TimeControl "5400+30"]

1. c4 e5 2. g3 Nf6 3. Bg2 Bc5 4. Nc3 d6 5. e3 O-O 6. Nge2 c6 7. O-O Bg4 8. h3 Bh5 9. e4 Bd4 10. g4 Bg6 11. d3 Nfd7 12. Nxd4 exd4 13. Ne2 c5 14. f4 f6 15. e5 Nc6 16. f5 Be8 17. Nf4 dxe5 18. Ne6 Qc8 19. Nxf8 Kxf8 20. h4 Ne7 21. Qf3 Rb8 22. g5 fxg5 23. hxg5 Ng8 24. f6 gxf6 25. gxf6 Bf7 26. Bh3 Qc7 27. Bg5 b5 28. Qf5 e4 29. Bf4 Qc6 30. Qxd7 1-0

[Event "ONJK-B 2019"]
[Site "Borne"]
[Date "2019.08.06"]
[Round "3.5"]
[White "Klein, Lucas"]
[Black "Klaren, Oscar"]
[Result "0-1"]
[ECO "A61"]
[WhiteElo "1481"]
[BlackElo "1761"]
[Annotator "NA"]
[PlyCount "60"]
[EventDate "2019.08.05"]
[EventType "swiss"]
[EventCountry "NED"]
[SourceTitle "playchess.com"]
[Source "ChessBase"]
[SourceQuality "1"]
[TimeControl "5400+30"]

1. d4 Nf6 2. c4 e6 3. Nc3 c5 4. d5 exd5 5. cxd5 d6 6. Nf3 g6 7. Nd2 Nbd7 8. Nc4 Nb6 9. e4 Nxc4 10. Qa4+ Bd7 11. Qxc4 Bg7 12. Be2 O-O 13. O-O a6 14. a4 Qe7 15. f3 b5 16. Qd3 b4 17. Nd1 Nh5 18. Nf2 f5 19. exf5 Bxf5 20. Ne4 Rfe8 21. Ra2 Be5 22. g3 Bxg3 23. hxg3 Nxg3 24. Re1 Nxe4 25. fxe4 Bxe4 26. Qg3 Bxd5 27. b3 Qe5 28. Bf4 Qd4+ 29. Kf1 Rf8 30. Rd1 Qxf4+ 0-1

[Event "ONJK-B 2019"]
[Site "Borne"]
[Date "2019.08.06"]
[Round "3.6"]
[White "Rogge, Parcival"]
[Black "Van Hille, Clara"]
[Result "1-0"]
[ECO "C54"]
[WhiteElo "1743"]
[BlackElo "1391"]
[Annotator "NA"]
[PlyCount "63"]
[EventDate "2019.08.05"]
[EventType "swiss"]
[EventCountry "NED"]
[SourceTitle "playchess.com"]
[Source "ChessBase"]
[SourceQuality "1"]
[TimeControl "5400+30"]

1. e4 e5 2. Nf3 Nc6 3. Bc4 Bc5 4. d3 Nf6 5. h3 d6 6. c3 a6 7. Bb3 Ba7 8. Qe2 h6 9. Be3 Bd7 10. Bxa7 Nxa7 11. d4 Nc6 12. O-O g5 13. Nbd2 g4 14. hxg4 Nxg4 15. Rad1 Qf6 16. dxe5 dxe5 17. Nc4 O-O-O 18. Ne3 h5 19. Nd5 Qg7 20. Bc4 Kb8 21. b4 Na7 22. a4 Bxa4 23. Ra1 Bb5 24. Bxb5 Nxb5 25. c4 Nd4 26. Nxd4 exd4 27. b5 Rh6 28. bxa6 Rxa6 29. Rxa6 bxa6 30. Rb1+ Kc8 31. Qb2 f6 32. Qb7+ 1-0

[Event "ONJK-B 2019"]
[Site "Borne"]
[Date "2019.08.06"]
[Round "3.7"]
[White "Heskes, Johan"]
[Black "De Putter, Nina"]
[Result "1/2-1/2"]
[ECO "D35"]
[WhiteElo "1535"]
[BlackElo "1631"]
[Annotator "NA"]
[PlyCount "83"]
[EventDate "2019.08.05"]
[EventType "swiss"]
[EventCountry "NED"]
[SourceTitle "playchess.com"]
[Source "ChessBase"]
[SourceQuality "1"]
[TimeControl "5400+30"]

1. d4 d5 2. c4 e6 3. Nc3 Nf6 4. Bf4 c5 5. e3 a6 6. dxc5 Bxc5 7. cxd5 exd5 8. Nf3 O-O 9. Be2 Nc6 10. Bg5 Be7 11. O-O Be6 12. Nd4 Qc7 13. Rc1 Rfd8 14. Re1 Rac8 15. Bf3 Nxd4 16. exd4 Qb6 17. Bxf6 Bxf6 18. Nxd5 Bxd5 19. Rxc8 Rxc8 20. Bxd5 Qxb2 21. Qa4 Qb5 22. Qxb5 axb5 23. Bxb7 Rb8 24. d5 Kf8 25. Bc6 Be7 26. g4 b4 27. Kg2 Rb6 28. f4 f6 29. Rb1 Ra6 30. Rb2 Ra3 31. Rd2 Bd6 32. f5 Ke7 33. Bb5 Be5 34. Bc4 Re3 35. Re2 Rxe2+ 36. Bxe2 Kd6 37. Bc4 Kc5 38. Bb3 Kd4 39. h4 Ke4 40. Kh3 Kf4 41. Bc2 h6 42. h5 1/2-1/2

[Event "ONJK-B 2019"]
[Site "Borne"]
[Date "2019.08.06"]
[Round "3.8"]
[White "Decruyenaere, Laura"]
[Black "Baselmans, Daan"]
[Result "0-1"]
[ECO "C01"]
[WhiteElo "1382"]
[BlackElo "1720"]
[Annotator "NA"]
[PlyCount "116"]
[EventDate "2019.08.05"]
[EventType "swiss"]
[EventCountry "NED"]
[SourceTitle "playchess.com"]
[Source "ChessBase"]
[SourceQuality "1"]
[TimeControl "5400+30"]

1. e4 e6 2. d4 d5 3. exd5 exd5 4. Bd3 Bd6 5. Qf3 c6 6. Ne2 Ne7 7. Ng3 Nd7 8. c3 h6 9. O-O Nf6 10. h3 Be6 11. Bf4 Qc7 12. Bxd6 Qxd6 13. Nd2 O-O-O 14. b3 Nh7 15. a4 Rdf8 16. b4 f5 17. b5 g5 18. Ne2 g4 19. Qf4 Qd7 20. bxc6 Nxc6 21. h4 Nf6 22. Bb5 Ne4 23. Nb3 a6 24. Bd3 Ne7 25. Rfb1 Ng6 26. Qc1 Qe7 27. Nf4 Nxf4 28. Qxf4 Kd8 29. Nc5 Nxc5 30. dxc5 Qc7 31. Qxc7+ Kxc7 32. Re1 Re8 33. Rab1 Bd7 34. Rxe8 Rxe8 35. a5 Re5 36. Kf1 Bc6 37. Re1 Rxe1+ 38. Kxe1 Bd7 39. Ke2 Kc6 40. Ke3 Kxc5 41. Kf4 b5 42. Bxf5 Bxf5 43. Kxf5 Kc4 44. Kxg4 Kxc3 45. f4 d4 46. f5 d3 47. f6 d2 48. Kh5 d1=Q+ 49. Kxh6 Qf1 50. Kg7 Qxg2+ 51. Kf7 Qg4 52. Ke7 Qxh4 53. Ke6 Qe4+ 54. Kf7 b4 55. Kg7 b3 56. f7 Qf5 57. f8=Q Qxf8+ 58. Kxf8 b2 0-1

[Event "ONJK-B 2019"]
[Site "Borne"]
[Date "2019.08.06"]
[Round "3.9"]
[White "Borgelioen, Elise"]
[Black "Arnold, Kiri"]
[Result "0-1"]
[ECO "B30"]
[WhiteElo "1342"]
[BlackElo "1590"]
[Annotator "NA"]
[PlyCount "84"]
[EventDate "2019.08.05"]
[EventType "swiss"]
[EventCountry "NED"]
[SourceTitle "playchess.com"]
[Source "ChessBase"]
[SourceQuality "1"]
[TimeControl "5400+30"]

1. e4 c5 2. Nf3 Nc6 3. Bb5 Nf6 4. d3 d6 5. Bxc6+ bxc6 6. O-O g6 7. Be3 Bg7 8. c3 O-O 9. Nbd2 Rb8 10. Qc2 Ba6 11. Rab1 Qc7 12. Rfe1 Nd7 13. Nb3 c4 14. dxc4 Bxc4 15. Bd4 Bxb3 16. axb3 c5 17. Bxg7 Kxg7 18. c4 Qb7 19. Re3 e6 20. Rbe1 Rfd8 21. Nd2 Ne5 22. f4 Nc6 23. Kh1 Kg8 24. Qc3 Nd4 25. Rf1 Qb4 26. Qxb4 Rxb4 27. e5 dxe5 28. fxe5 Rdb8 29. Rd1 Nxb3 30. Nxb3 Rxb3 31. Rxb3 Rxb3 32. Rd2 a5 33. Kg1 Kg7 34. Kf2 a4 35. g3 a3 36. bxa3 Rxa3 37. Rc2 h5 38. h3 h4 39. gxh4 Rxh3 40. Kg2 Rxh4 41. Kf3 f6 42. exf6+ Kxf6 0-1

[Event "ONJK-B 2019"]
[Site "Borne"]
[Date "2019.08.06"]
[Round "3.10"]
[White "Nopper, Louis"]
[Black "Schoonhoven, Mark"]
[Result "1-0"]
[ECO "A57"]
[WhiteElo "1579"]
[BlackElo "1275"]
[Annotator "NA"]
[PlyCount "67"]
[EventDate "2019.08.05"]
[EventType "swiss"]
[EventCountry "NED"]
[SourceTitle "playchess.com"]
[Source "ChessBase"]
[SourceQuality "1"]
[TimeControl "5400+30"]

1. c4 Nf6 2. Nc3 g6 3. Nf3 Bg7 4. d4 d6 5. e4 c5 6. d5 O-O 7. Be2 a6 8. O-O b5 9. cxb5 axb5 10. Bxb5 Ba6 11. Bxa6 Rxa6 12. Bd2 Nbd7 13. Qc1 Qb6 14. Rb1 Rb8 15. b3 Ng4 16. Qc2 Qa7 17. a4 Qb7 18. Nb5 Nde5 19. Ne1 Rc8 20. h3 Nf6 21. f4 Ned7 22. Nf3 Ne8 23. Bc3 Bxc3 24. Nxc3 Qa7 25. Kh1 Ndf6 26. Nd2 Ng7 27. Nc4 Ne6 28. dxe6 fxe6 29. Rbd1 Rf8 30. Rf3 Qb7 31. Ne3 Rb6 32. e5 Nh5 33. exd6 exd6 34. Nb5 1-0

[Event "ONJK-B 2019"]
[Site "Borne"]
[Date "2019.08.06"]
[Round "3.11"]
[White "Van Borren, Matthijs"]
[Black "Michielsen, Lies"]
[Result "0-1"]
[ECO "B34"]
[WhiteElo "1339"]
[BlackElo "1489"]
[Annotator "NA"]
[PlyCount "84"]
[EventDate "2019.08.05"]
[EventType "swiss"]
[EventCountry "NED"]
[SourceTitle "playchess.com"]
[Source "ChessBase"]
[SourceQuality "1"]
[TimeControl "5400+30"]

1. e4 c5 2. Nf3 Nc6 3. d4 cxd4 4. Nxd4 Nf6 5. Nc3 g6 6. Be3 Bg7 7. Qd2 O-O 8. Be2 d5 9. f3 dxe4 10. Nxc6 bxc6 11. O-O-O Qxd2+ 12. Rxd2 exf3 13. Bxf3 Bb7 14. Rhd1 e6 15. Be2 Nd5 16. Nxd5 cxd5 17. b3 Rfc8 18. Kb1 Bc3 19. Bd4 Bxd2 20. Rxd2 Re8 21. Bb5 Re7 22. Bf6 Rc7 23. c4 dxc4 24. Bxc4 Rac8 25. Kb2 Bd5 26. Be5 Rc6 27. Bxd5 exd5 28. Rxd5 Rc2+ 29. Ka3 Rxg2 30. Rd7 Ra8 31. Bd4 a6 32. Be5 Re2 33. Bb2 Rxh2 34. Be5 Re2 35. Bb2 h5 36. Rd4 Rae8 37. Rh4 R2e4 38. Rh3 f5 39. Rd3 f4 40. Rd6 R4e6 41. Rd7 f3 42. Rg7+ Kf8 0-1

[Event "ONJK-B 2019"]
[Site "Borne"]
[Date "2019.08.06"]
[Round "3.12"]
[White "Berghuis, Rowin"]
[Black "Maas, Tristan"]
[Result "1-0"]
[ECO "C65"]
[WhiteElo "1081"]
[BlackElo "1467"]
[Annotator "NA"]
[PlyCount "43"]
[EventDate "2019.08.05"]
[EventType "swiss"]
[EventCountry "NED"]
[SourceTitle "playchess.com"]
[Source "ChessBase"]
[SourceQuality "1"]
[TimeControl "5400+30"]

1. e4 e5 2. Nf3 Nc6 3. Bb5 d6 4. c3 Nf6 5. Qe2 Be7 6. d4 exd4 7. cxd4 O-O 8. h3 a6 9. Bxc6 bxc6 10. O-O Rb8 11. Nc3 Nd7 12. Rd1 c5 13. dxc5 Nxc5 14. e5 Bb7 15. Nd4 Qc8 16. Qh5 dxe5 17. Qxe5 Bd6 18. Qg5 Ne6 19. Qg4 Nf4 20. Nf5 Ng6 21. h4 Nxh4 22. Qxg7# 1-0

[Event "ONJK-B 2019"]
[Site "Borne"]
[Date "2019.08.06"]
[Round "3.13"]
[White "Winter, Ynse"]
[Black "Tiggelman, Laura"]
[Result "0-1"]
[ECO "E94"]
[WhiteElo "1021"]
[BlackElo "1436"]
[Annotator "NA"]
[PlyCount "92"]
[EventDate "2019.08.05"]
[EventType "swiss"]
[EventCountry "NED"]
[SourceTitle "playchess.com"]
[Source "ChessBase"]
[SourceQuality "1"]
[TimeControl "5400+30"]

1. d4 Nf6 2. c4 g6 3. Nc3 Bg7 4. Nf3 d6 5. e4 O-O 6. Be2 Nbd7 7. O-O e5 8. d5 Nh5 9. b4 Nf4 10. Be3 f5 11. exf5 Rxf5 12. c5 e4 13. Nd4 Nxe2+ 14. Ncxe2 Rxd5 15. Qb3 Nf6 16. Nf4 dxc5 17. Nxd5 Nxd5 18. bxc5 Kh8 19. Rfd1 c6 20. Rab1 Qh4 21. Re1 Be5 22. g3 Qh3 23. Qc2 Nf6 24. f4 exf3 25. Nxf3 Bf5 26. Qg2 Qxg2+ 27. Kxg2 Bxb1 28. Rxb1 Ng4 29. Nxe5 Nxe3+ 30. Kf2 Re8 31. Kxe3 Rxe5+ 32. Kd4 Re7 33. Rb2 Kg7 34. a4 a5 35. h4 h5 36. Rf2 Rd7+ 37. Ke5 Rd5+ 38. Ke6 Rxc5 39. Rf7+ Kh6 40. Rxb7 Rc4 41. Rc7 Rxa4 42. Rxc6 Ra3 43. Kf7 Rxg3 44. Ra6 Rf3+ 45. Kg8 Rf4 46. Rxa5 Rxh4 0-1

[Event "ONJK-B 2019"]
[Site "Borne"]
[Date "2019.08.06"]
[Round "3.14"]
[White "Olree, Alex"]
[Black "Van Dam, Kars"]
[Result "1-0"]
[ECO "D11"]
[WhiteElo "1411"]
[BlackElo "1024"]
[Annotator "NA"]
[PlyCount "28"]
[EventDate "2019.08.05"]
[EventType "swiss"]
[EventCountry "NED"]
[SourceTitle "playchess.com"]
[Source "ChessBase"]
[SourceQuality "1"]
[TimeControl "5400+30"]

1. d4 d5 2. c4 c6 3. Nf3 Bf5 4. cxd5 cxd5 5. Qb3 b6 6. Nc3 e6 7. Bf4 Nc6 8. e3 Bd6 9. Bb5 Nge7 10. Qa4 Qc7 11. Ne5 Bxe5 12. Bxe5 Qd7 13. Bxg7 Rg8 14. Bf6 a6 1-0

[Event "ONJK-B 2019"]
[Site "Borne"]
[Date "2019.08.06"]
[Round "3.15"]
[White "Mainka, Irmin"]
[Black "Neirynck, Arthur"]
[Result "0-1"]
[ECO "B72"]
[WhiteElo "1611"]
[BlackElo "1514"]
[Annotator "NA"]
[PlyCount "150"]
[EventDate "2019.08.05"]
[EventType "swiss"]
[EventCountry "NED"]
[SourceTitle "playchess.com"]
[Source "ChessBase"]
[SourceQuality "1"]
[TimeControl "5400+30"]

1. e4 c5 2. Nf3 d6 3. d4 cxd4 4. Nxd4 Nf6 5. Nc3 g6 6. Bc4 Bg7 7. O-O Nc6 8. Be3 Ng4 9. Nxc6 bxc6 10. Bd2 O-O 11. Bb3 Rb8 12. h3 Ne5 13. Qe2 Qb6 14. Be3 Qc7 15. f4 Nd7 16. Qf2 Nb6 17. Rab1 Ba6 18. Rfd1 Rfd8 19. f5 Kh8 20. Bxf7 gxf5 21. exf5 Rf8 22. Be6 Bc8 23. Bd4 Bxe6 24. Bxg7+ Kxg7 25. Qg3+ Kh8 26. fxe6 Rf6 27. Ne4 Rxe6 28. Qh4 Rg6 29. Ng5 e5 30. Ne4 Nd5 31. Rd2 Rb4 32. Qe1 Rb8 33. b3 Rbg8 34. Kh2 Nf4 35. g3 Nh5 36. g4 Nf4 37. Qh4 d5 38. Ng3 e4 39. Nf5 Ne6+ 40. Qg3 Qxg3+ 41. Kxg3 Re8 42. Re1 Ng5 43. Rde2 Nf3 44. Rd1 Kg8 45. c3 Kf7 46. Rf1 Rf6 47. a3 Rg8 48. Rd1 Rxf5 49. c4 Rfg5 50. cxd5 cxd5 51. Rc2 Re8 52. h4 Rge5 53. Rc7+ R8e7 54. Rxe7+ Kxe7 55. Kf4 Kd6 56. b4 Nxh4 57. Rh1 Ng6+ 58. Ke3 Re7 59. Rh5 Ne5 60. Rh6+ Kd7 61. Ra6 Kc8 62. b5 Nxg4+ 63. Ke2 h5 64. Rd6 Rd7 65. Re6 h4 66. Rg6 Ne5 67. Rg5 Nf3 68. Rh5 Kc7 69. Rh6 Rd6 70. Rh7+ Kb6 71. a4 a6 72. bxa6 Kxa6 73. Ke3 d4+ 74. Kxe4 Ng5+ 75. Ke5 Nxh7 0-1

[Event "ONJK-B 2019"]
[Site "Borne"]
[Date "2019.08.06"]
[Round "3.16"]
[White "Kroon, Lindert"]
[Black "Pol, Florian"]
[Result "1/2-1/2"]
[ECO "B30"]
[WhiteElo "1076"]
[BlackElo "1334"]
[Annotator "NA"]
[PlyCount "126"]
[EventDate "2019.08.05"]
[EventType "swiss"]
[EventCountry "NED"]
[SourceTitle "playchess.com"]
[Source "ChessBase"]
[SourceQuality "1"]
[TimeControl "5400+30"]

1. e4 c5 2. Nf3 Nc6 3. Bb5 g6 4. Nc3 a6 5. Bxc6 bxc6 6. d4 e6 7. Bg5 Be7 8. Bxe7 Qxe7 9. O-O Nf6 10. e5 Nd5 11. Nxd5 cxd5 12. a3 O-O 13. b4 cxd4 14. Qxd4 Bb7 15. a4 Bc6 16. c4 dxc4 17. Qxc4 Rfc8 18. Qd3 Qxb4 19. Rfb1 Qe4 20. Qd2 Rab8 21. Rxb8 Rxb8 22. Qd1 g5 23. Qd2 Rb1+ 24. Rxb1 Qxb1+ 25. Ne1 h6 26. h4 Qf5 27. Nf3 Bxf3 28. gxf3 Qxf3 29. hxg5 Qg4+ 30. Kf1 Qxg5 31. Qc3 Qd8 32. Qf3 Kg7 33. Qd3 Qc7 34. Qe3 Qc6 35. Qg3+ Kf8 36. Qa3+ Ke8 37. Qb4 Qh1+ 38. Ke2 Qh5+ 39. Kf1 Qxe5 40. f4 Qa1+ 41. Kg2 Qa2+ 42. Kf3 Qd5+ 43. Ke3 a5 44. Qb2 Qc5+ 45. Kf3 Qc6+ 46. Ke3 Qxa4 47. Qh8+ Ke7 48. Qxh6 d5 49. Qg5+ Kd7 50. Qf6 Qe4+ 51. Kf2 Qf5 52. Qd4 e5 53. Qa7+ Ke6 54. Qb6+ Ke7 55. Qa7+ Kf6 56. Qb6+ Kg7 57. Qxa5 Qxf4+ 58. Ke2 d4 59. Qc7 Qe3+ 60. Kd1 d3 61. Qxf7+ Kh6 62. Qh7+ Kg5 63. Qh6+ Kxh6 1/2-1/2

[Event "ONJK-B 2019"]
[Site "Borne"]
[Date "2019.08.07"]
[Round "4.1"]
[White "Maters, Arthur"]
[Black "Van Weerden, Jur"]
[Result "1-0"]
[ECO "B06"]
[WhiteElo "2042"]
[BlackElo "1676"]
[Annotator "NA"]
[PlyCount "81"]
[EventDate "2019.08.05"]
[EventType "swiss"]
[EventCountry "NED"]
[SourceTitle "playchess.com"]
[Source "ChessBase"]
[SourceQuality "1"]
[TimeControl "5400+30"]

1. e4 e6 2. d4 g6 3. Nc3 Bg7 4. h4 Ne7 5. h5 h6 6. hxg6 Nxg6 7. Nf3 Nc6 8. Be3 b6 9. Qd2 h5 10. O-O-O d5 11. exd5 exd5 12. Bb5 Bb7 13. Bg5 f6 14. Rde1+ Nge7 15. Qd3 fxg5 16. Nxg5 Qd6 17. Kb1 O-O-O 18. Nf7 Qg6 19. Qxg6 Nxg6 20. Nxh8 Bxh8 21. Re6 Nce7 22. Bd3 Rg8 23. f4 Kd7 24. Rhe1 Rg7 25. g3 Nf8 26. Rh6 Rg8 27. f5 Bxd4 28. f6 Neg6 29. Bf5+ Kc6 30. f7 Rg7 31. Bxg6 Kc5 32. Bxh5 Rxg3 33. Re8 Bg7 34. Rh8 Bxh8 35. Rxf8 Bf6 36. Rg8 Re3 37. f8=Q+ Be7 38. Qf2 d4 39. Nd1 Re5 40. b4+ Kxb4 41. Qf1 1-0